 Dungeon Crawl Stone Soup version 0.30-a0-373-gd37427bb62 (webtiles) character file.

Game seed: 8548421343196328634

63868 lukessrichardson1 the Severer (level 14, -9/115 HPs)
             Began as a Demonspawn Berserker on Nov 24, 2022.
             Was an Elder of Trog.
             Killed from afar by a fire giant (29 damage)
             ... with a fireball
             ... on level 15 of the Dungeon on Nov 25, 2022.
             The game lasted 01:29:56 (23308 turns).

lukessrichardson1 the Severer (DsBe)               Turns: 23308, Time: 01:29:56

Health: -9/115     AC: 26    Str: 28    XL:     14   Next: 69%
Magic:  14/14      EV: 27    Int: 14    God:    Trog [****..]
Gold:   1490       SH:  0    Dex: 10    Spells: 13/13 levels left

rFire   + . .      SeeInvis .    e - +5 executioner's axe of Terra Cotta {vorpal, Int+4}
rCold   . . .      Faith    .    (shield currently unavailable)
rNeg    . . .      Spirit   .    l - +4 scale mail {rF+}
rPois   .          Reflect  .    (no helmet)
rElec   .          Harm     .    r - +0 cloak
rCorr   .          Rampage  .    y - +0 pair of gloves
Will    ++...                    u - +2 pair of boots
Stlth   +.........               g - amulet of the acrobat
HPRegen 0.39/turn                n - +6 ring of strength
MPRegen 0.14/turn                B - +4 ring of protection

@: acrobatic
A: slimy green scales 2, foul stench 2, powered by pain 2, demonic touch 2,
clumsy 1, strong-willed 1
a: Renounce Religion, Berserk, Trog's Hand, Brothers in Arms


You were on level 15 of the Dungeon.
You worshipped Trog.
Trog was greatly pleased with you.
You visited 5 branches of the dungeon, and saw 19 of its levels.

You collected 1490 gold pieces.

Inventory:

Hand Weapons
 a - a +0 hand axe
 e - the +5 executioner's axe of Terra Cotta (weapon) {vorpal, Int+4}
   (You acquired it on level 3 of the Dungeon)

   It inflicts extra damage upon your enemies.
   Int:       It affects your intelligence (+4).
 H - the +6 falchion "Odghy" {freeze, rPois Will++ Dex+2}
   (You found it on level 8 of the Dungeon)

   It freezes those it strikes, dealing additional cold damage.
   It can also slow down cold-blooded creatures.
   Dex:       It affects your dexterity (+2).
   rPois:     It protects you from poison.
   Will:      It greatly increases your willpower.
Armour
 b - a +0 animal skin
 h - a +0 ring mail
 l - a +4 scale mail of fire resistance (worn)
 r - a +0 cloak (worn)
 u - a +2 pair of boots (worn)
 y - a +0 pair of gloves (worn)
Jewellery
 g - an amulet of the acrobat (around neck)
 n - a +6 ring of strength (left hand)
 q - a +6 ring of intelligence
 w - an amulet of reflection
 B - a +4 ring of protection (right hand)
 N - a ring of magical power
 O - a +6 ring of strength
 V - a +6 ring of strength
Wands
 k - a wand of polymorph (5)
 p - a wand of flame (36)
 D - a wand of charming (21)
 K - a wand of roots (3)
 P - a wand of light (14)
Scrolls
 c - 4 scrolls of magic mapping
 d - 2 scrolls of poison
 f - 2 scrolls of fear
 i - 3 scrolls of teleportation
 o - 3 scrolls of enchant weapon
 t - 2 scrolls of brand weapon
 v - 3 scrolls of immolation
 z - a scroll of noise
 A - 4 scrolls of amnesia
 F - a scroll of enchant armour
 M - a scroll of summoning
 Q - 6 scrolls of identify
Potions
 j - 2 potions of attraction
 m - 4 potions of curing
 s - 2 potions of resistance {unknown}
 x - 4 potions of brilliance {unknown}
 C - 2 potions of degeneration {unknown}
 E - 2 potions of ambrosia
 G - 3 potions of flight {unknown}
 I - a potion of berserk rage
 J - 6 potions of heal wounds
 L - 2 potions of invisibility {unknown}
 R - 2 potions of magic
 S - a potion of haste {unknown}
 U - a potion of might {unknown}
Miscellaneous
 T - a phantom mirror (inert)


   Skills:
 + Level 12.3 Fighting
 + Level 18.2 Axes
 + Level 9.8 Armour
 + Level 6.5 Dodging
 + Level 2.5 Stealth
 + Level 0.1 Unarmed Combat


You had 13 spell levels left.
You didn't know any spells.
Your spell library contained the following spells:

 Spells                   Type           Power      Damage    Failure   Level
 Beastly Appendage        Tmut           0%         N/A       50%         1
 Kiss of Death            Conj/Necr      0%         2d5       50%         1
 Sandblast                Erth           0%         2d4       50%         1
 Blink                    Tloc           0%         N/A       63%         2
 Cigotuvi's Dreadful Rot  Necr/Pois/Air  0%         N/A       63%         2
 Passwall                 Tmut/Erth      0%         N/A       63%         2
 Poisonous Vapours        Pois/Air       0%         N/A       63%         2
 Wereblood                Tmut           0%         N/A       63%         2
 Confusing Touch          Hex            0%         N/A       86%         3
 Kindle Blastsparks       Fire/Tloc/Air  0%         2d10      86%         3
 Mephitic Cloud           Conj/Pois/Air  0%         N/A       86%         3
 Spider Form              Tmut/Pois      0%         N/A       86%         3
 Stone Arrow              Conj/Erth      0%         3d7       86%         3
 Dispel Undead            Necr           0%         3d6       99%         4
 Fulminant Prism          Conj/Hex       0%         3d5       99%         4
 Iskenderun's Mystic Bla  Conj/Tloc      0%         2d3       99%         4
 Manifold Assault         Tloc           0%         N/A       99%         4
 Lee's Rapid Deconstruct  Erth           0%         3d4*      100%        5
 Storm Form               Tmut/Air       0%         N/A       100%        7


Dungeon Overview and Level Annotations

Branches:
Dungeon (15/15)            Temple (1/1) D:5            Lair (1/5) D:11
    Orc (1/2) D:12         Vaults (0/5) D:14         Depths (1/4) D:15

Altars:
Ashenzari
Cheibriados
Dithmenos
Fedhas
Gozag
Hepliaklqana
Kikubaaqudgha
Makhleb
Okawaru
Qazlal
Ru
Sif Muna
Trog
Vehumet
Wu Jian
Yredelemnul

Shops:
D:6 ?*   D:10 (   D:12 :

Portals:
Ziggurat: Depths:1


Innate Abilities, Weirdness & Mutations

You are mostly covered in slimy green scales. (AC +3)
You sometimes emit foul miasma when damaged in melee.
You sometimes gain power by taking damage.
Your touch may inflict irresistible damage on your foes.
You are clumsy. (Dex -2)
You are strong-willed. (Will+)


Message History

The fire giant hits you but does no damage.
You hit the fire giant.
The fire giant is moderately wounded.
The dread lich gestures wildly while chanting.
The dread lich seems to speed up.
The fire giant misses you.
Your fire giant hits the fire giant with a +2 great sword of flaming!
Your fire giant burns the fire giant.
You slice the fire giant!!
The fire giant is severely wounded.
You hit the ice dragon.
The fire giant gestures at you while chanting.
The bolt of fire hits you! You resist.
Your fire giant hits the fire giant with a +2 great sword of flaming!
The ice dragon breathes frost at you. The blast of cold hits you!!
* * * LOW HITPOINT WARNING * * *
You are too injured to fight recklessly!
You are too injured to fight recklessly!
You are too injured to fight recklessly!
You are too injured to fight recklessly!
The fire giant gestures at you while chanting.
The bolt of fire hits you! You resist.
* * * LOW HITPOINT WARNING * * *
Your fire giant barely misses the fire giant.
The lich casts a spell.
The lich seems to speed up.
The ice dragon closely misses you. The ice dragon claws you!
* * * LOW HITPOINT WARNING * * *
The ice dragon completely misses you.
You climb upwards.
Welcome back to the Dungeon!
There is a staircase to the Depths, spattered with blood here.
Okay, then.
The phantom mirror is presently inert.
The ice dragon bites you but does no damage.
The ice dragon barely misses you. The ice dragon misses you.
Things that are here:
a +3 leather armour of cold resistance; a +0 trident of freezing The fire giant casts a spell at you.
The fireball explodes!
The fireball engulfs you!! You resist.
You die...

.......# #.......## #....##.#
.......# #######..###########.#
.......# ##.........#######.##
.####### ##...§.≈.≈...#........
.## #..§≈§≈#≈≈≈≈...####.## ..#
#..≈#≈≈≈§≈#≈.......... ..#
#.§≈§≈≈.§≈§≈≈.#####.## ..#
##..≈≈≈[.§§§≈..## #.# ..#
#..≈.≈@[C.§≈#≈..####.## ..######
#...≈.≈.D[≈≈≈.......... ..##...#
#..≈≈≈≈≈.≈≈≈≈≈.##.##.## ...)...#
##...≈#≈≈§≈≈#≈........#
..#....###....§≈≈§#§§≈≈...#.####
..##...)...##...§§§§≈§..#.#.#
..##...###.......§..§..#....#
..###### ####.####.#.....####
..###########.####.#.###.#


You could see a fire giant and an ice dragon.

Vanquished Creatures
  Jorgrun (D:12)
  Rupert (D:14)
  Agnes (D:15)
  Kirke (D:15)
  A fire giant (D:15)
  An orc warlord (Orc:1)
  The ghost of Ipimm the Envoy of Void, a journeyman MeAK of Lugonu (D:12)
  Snorg (Orc:1)
  A fire dragon (shapeshifter) (D:15)
  A merfolk impaler (D:15)
  8 vault guards (D:14)
  An ogre mage (D:15)
  2 hydras (D:15)
  A centaur warrior (D:15)
  A boulder beetle (D:13)
  A tengu warrior (D:13)
  9 two-headed ogres
  Urug (D:11)
  2 alligators (Lair:1)
  3 death yaks (Lair:1)
  A deep troll earth mage (D:15)
  An iron troll (D:15)
  2 deep trolls (D:15)
  Pikel (D:6)
  An orc knight (D:15)
  5 deep elf pyromancers
  4 ugly things
  4 manticores
  4 black mambas (Lair:1)
  10 cyclopes
  An elephant (Lair:1)
  A gargoyle (D:12)
  A torpor snail (shapeshifter) (D:15)
  2 torpor snails (Lair:1)
  3 cane toads (Lair:1)
  4 yaktaurs (D:15)
  2 kobold demonologists
  A rime drake (Lair:1)
  A freezing wraith (D:14)
  A hellwing (D:14)
  An efreet (D:13)
  2 komodo dragons (Lair:1)
  8 trolls
  A meliai (shapeshifter) (D:8)
  4 blink frogs (Lair:1)
  A slime creature (D:14)
  Sigmund (D:6)
  2 centaur simulacra
  A water elemental (D:15)
  A wraith (D:12)
  17 yaks
  2 wyverns
  2 basilisks
  4 hogs (D:15)
  Eustachio (D:6)
  5 steam dragons
  13 vampire mosquitoes
  4 wargs
  Edmund (D:6)
  3 acid dragons
  2 water moccasins
  A sky beast (D:8)
  13 orc warriors
  An ice beast (D:6)
  9 ogres
  13 centaurs
  3 wolves (Lair:1)
  3 phantoms
  7 kobold brigands
  Blork the orc (D:5)
  7 bullfrogs
  A scorpion (Lair:1)
  5 wights (D:10)
  4 killer bees (D:10)
  7 howler monkeys
  6 electric eels
  2 crimson imps (D:14)
  3 jellies
  8 orc priests
  Crazy Yiuf (D:3)
  5 hounds
  Ijyb (D:3)
  An iguana (D:5)
  21 orc wizards
  A hell rat (Lair:1)
  9 adders
  A shadow imp (D:6)
  A white imp (D:7)
  4 worms
  2 dart slugs (D:1)
  69 orcs
  6 ball pythons
  4 bats
  10 endoplasms
  6 giant cockroaches
  6 goblins
  8 hobgoblins
  3 quokkas
  33 kobolds
  A rat (D:1)
  3 bushes (D:4)
455 creatures vanquished.

Vanquished Creatures (collateral kills)
  A centaur warrior (D:14)
  2 slime creatures (D:14)
  An ugly thing (D:14)
  A gargoyle (D:11)
  A warg (Orc:1)
  A centaur (D:11)
  An orc priest (D:11)
  An orc (Orc:1)
9 creatures vanquished.

Vanquished Creatures (others)
  A kobold (D:9)
  7 fungi
  5 plants
13 creatures vanquished.

Grand Total: 477 creatures vanquished

Notes
Turn   | Place    | Note
-------+----------+-------------------------------------------
     0 | D:1      | lukessrichardson1 the Demonspawn Berserker began the quest
                  | for the Orb.
     0 | D:1      | Reached XP level 1. HP: 18/18 MP: 1/1
   199 | D:1      | Reached skill level 3 in Axes
   199 | D:1      | Gained mutation: You sometimes gain a little power by
                  | taking damage. [demonic ancestry]
   199 | D:1      | Reached XP level 2. HP: 18/24 MP: 2/2
   297 | D:1      | Found a faded altar of an unknown god.
  1253 | D:2      | Reached ** piety under Trog
  1254 | D:2      | Reached XP level 3. HP: 29/29 MP: 3/3
  1559 | D:2      | Gained mutation: You are partially covered in slimy green
                  | scales. (AC +2) [demonic ancestry]
  1559 | D:2      | Reached XP level 4. HP: 28/35 MP: 4/4
  1978 | D:3      | Noticed Ijyb
  2001 | D:3      | Killed Ijyb
  2172 | D:3      | Identified a scroll of acquirement
  2174 | D:3      | Acquired the +5 executioner's axe of Terra Cotta {vorpal,
                  | Int+4}
  2303 | D:3      | Reached skill level 4 in Axes
  2338 | D:3      | Identified the +1 chain mail "Wusug" {rC+ Str+4 Int-5}
  2479 | D:3      | Found a runed translucent door.
  2480 | D:3      | Noticed Crazy Yiuf
  2485 | D:3      | Killed Crazy Yiuf
  2486 | D:3      | Gained mutation: You are mostly covered in slimy green
                  | scales. (AC +3) [demonic ancestry]
  2486 | D:3      | Reached XP level 5. HP: 41/41 MP: 5/5
  3133 | D:4      | Found a burning altar of Makhleb.
  3158 | D:4      | Reached XP level 6. HP: 48/48 MP: 6/6
  3161 | D:4      | Reached *** piety under Trog
  3207 | D:4      | Reached skill level 5 in Axes
  3562 | D:5      | Entered Level 5 of the Dungeon
  3573 | D:5      | Found an ornate altar of the Wu Jian Council.
  3948 | D:5      | Noticed Blork the orc
  3955 | D:5      | Killed Blork the orc
  3956 | D:5      | Gained mutation: You may rarely emit foul miasma when
                  | damaged in melee. [demonic ancestry]
  3956 | D:5      | Reached XP level 7. HP: 54/54 MP: 7/7
  4043 | D:5      | Reached skill level 6 in Axes
  4419 | D:5      | Found a staircase to the Ecumenical Temple.
  4428 | Temple   | Entered the Ecumenical Temple
  4535 | D:6      | Noticed Eustachio
  4557 | D:6      | Killed Eustachio
  4591 | D:6      | Reached skill level 7 in Axes
  4591 | D:6      | Reached XP level 8. HP: 61/61 MP: 8/8
  4633 | D:6      | Found Gyomup's Magic Scroll Emporium.
  4705 | D:6      | Noticed Pikel
  4712 | D:6      | Killed Pikel
  4713 | D:6      | Reached skill level 5 in Fighting
  4713 | D:6      | Reached skill level 8 in Axes
  4713 | D:6      | Reached skill level 1 in Stealth
  4850 | D:6      | Found Fezopnek's Serpentskin Sales.
  4943 | D:6      | Noticed Sigmund
  4964 | D:6      | Killed Sigmund
  4965 | D:6      | Gained mutation: Your touch may inflict minor irresistible
                  | damage on your foes. [demonic ancestry]
  4965 | D:6      | Reached XP level 9. HP: 59/68 MP: 9/9
  5009 | D:6      | Found a hazy altar of Hepliaklqana.
  5016 | D:6      | Acquired a +4 ring of protection
  5031 | D:6      | Noticed Edmund
  5040 | D:6      | Killed Edmund
  5041 | D:6      | Reached skill level 9 in Axes
  5418 | D:7      | Noticed a cyclops
  5425 | D:7      | Killed a cyclops
  5558 | D:7      | Found a sacrificial altar of Ru.
  5559 | D:7      | Found a bloodstained altar of Trog.
  5722 | D:7      | Reached skill level 10 in Axes
  6107 | D:8      | Found an ancient bone altar of Kikubaaqudgha.
  6111 | D:8      | Noticed a kobold demonologist
  6362 | D:8      | Noticed a soul eater
  6365 | D:8      | Killed a kobold demonologist
  6366 | D:8      | Reached skill level 5 in Armour
  6467 | D:8      | Noticed a harpy
  6474 | D:8      | a harpy changed into a meliai
  6474 | D:8      | Noticed a meliai (shapeshifter)
  6476 | D:8      | Killed a meliai
  6500 | D:8      | Found an opulent altar of Gozag.
  6602 | D:8      | Gained mutation: You sometimes emit foul miasma when
                  | damaged in melee. [demonic ancestry]
  6602 | D:8      | Reached XP level 10. HP: 77/77 MP: 10/10
  6615 | D:8      | Reached skill level 11 in Axes
  6831 | D:8      | Identified the +6 falchion "Odghy" {freeze, rPois Will++
                  | Dex+2}
  7208 | D:9      | Reached **** piety under Trog
  7261 | D:9      | Noticed a two-headed ogre
  7262 | D:9      | Found a shimmering blue altar of Sif Muna.
  7276 | D:9      | Killed a two-headed ogre
  7585 | D:9      | Noticed a two-headed ogre
  7595 | D:9      | Killed a two-headed ogre
  7843 | D:9      | Found a broken altar of Ashenzari.
  7892 | D:9      | Reached skill level 12 in Axes
  8251 | D:10     | Entered Level 10 of the Dungeon
  8372 | D:10     | Found Jaatiupt's Weapon Boutique.
  8547 | D:10     | Gained mutation: You are somewhat resistant to further
                  | mutation. [potion of mutation]
  8547 | D:10     | Gained mutation: You passively map a small area around you.
                  | [potion of mutation]
  8548 | D:10     | Lost mutation: You are somewhat resistant to further
                  | mutation. [potion of mutation]
  8548 | D:10     | Lost mutation: You passively map a small area around you.
                  | [potion of mutation]
  8548 | D:10     | Gained mutation: You are frail. (-10% HP) [potion of
                  | mutation]
  9076 | D:11     | Noticed Urug
  9084 | D:11     | Killed Urug
  9085 | D:11     | Reached XP level 11. HP: 45/76 MP: 11/11
  9409 | D:11     | Noticed a red ugly thing
  9513 | D:11     | Reached skill level 13 in Axes
  9568 | D:11     | Killed a red ugly thing
  9906 | D:11     | Found a staircase to the Lair.
  9929 | Lair:1   | Entered Level 1 of the Lair of Beasts
  9983 | Lair:1   | Noticed a death yak
  9983 | Lair:1   | Noticed a death yak
  9999 | Lair:1   | Killed a death yak
 10000 | Lair:1   | Killed a death yak
 10138 | Lair:1   | Reached skill level 14 in Axes
 10315 | Lair:1   | Gained mutation: You sometimes gain power by taking damage.
                  | [demonic ancestry]
 10315 | Lair:1   | Reached XP level 12. HP: 44/85 MP: 12/12
 10984 | Lair:1   | Noticed a death yak
 10993 | Lair:1   | Noticed an alligator
 10993 | Lair:1   | Killed a death yak
 10993 | Lair:1   | Noticed an alligator
 11415 | Lair:1   | Killed an alligator
 11416 | Lair:1   | Reached skill level 5 in Dodging
 11464 | Lair:1   | Killed an alligator
 11510 | Lair:1   | Reached skill level 15 in Axes
 12824 | D:12     | Found a runed translucent door.
 12825 | D:12     | Noticed Ipimm's ghost (journeyman MeAK)
 12851 | D:12     | Found Cock's Vocational Training.
 13021 | D:12     | Reached ***** piety under Trog
 13053 | D:12     | Noticed a two-headed ogre
 13069 | D:12     | Killed a two-headed ogre
 13073 | D:12     | Reached skill level 10 in Fighting
 13323 | D:12     | Found a staircase to the Orcish Mines.
 13336 | Orc:1    | Entered Level 1 of the Orcish Mines
 13336 | Orc:1    | Noticed Jorgrun
 13368 | D:12     | Killed Jorgrun
 13369 | D:12     | Gained mutation: Your touch may inflict irresistible damage
                  | on your foes. [demonic ancestry]
 13369 | D:12     | Reached XP level 13. HP: 24/92 MP: 13/13
 13672 | Orc:1    | Noticed an orc warlord
 13713 | Orc:1    | Killed an orc warlord
 14015 | Orc:1    | Noticed Snorg
 14029 | Orc:1    | Killed Snorg
 14030 | Orc:1    | Reached skill level 16 in Axes
 14661 | D:12     | Lost mutation: You are frail. (-10% HP) [potion of
                  | mutation]
 14661 | D:12     | Gained mutation: You are strong-willed. (Will+) [potion of
                  | mutation]
 14661 | D:12     | Gained mutation: You are clumsy. (Dex -2) [potion of
                  | mutation]
 14777 | D:12     | Killed Ipimm's ghost
 16139 | D:14     | Found a gate to the Vaults.
 16175 | D:14     | Reached skill level 17 in Axes
 17435 | D:14     | Reached XP level 14. HP: 110/113 MP: 14/14
 17664 | D:14     | Noticed Rupert
 17675 | D:14     | Killed Rupert
 18631 | D:15     | Entered Level 15 of the Dungeon
 19603 | D:15     | Noticed Agnes
 19617 | D:15     | Killed Agnes
 20768 | D:15     | Found a staircase to the Depths.
 20768 | D:15     | Noticed a fire giant
 20786 | D:15     | Killed a fire giant
 20954 | D:15     | Noticed Kirke
 20962 | D:15     | Reached skill level 18 in Axes
 21132 | D:15     | Killed Kirke
 22141 | Depths:1 | Entered Level 1 of the Depths
 22141 | Depths:1 | Noticed a lich
 22141 | Depths:1 | Noticed a dread lich
 22141 | Depths:1 | Found a one-way gateway to a ziggurat.
 22749 | Depths:1 | Noticed an Executioner
 22778 | Depths:1 | Noticed a Brimstone Fiend
 23006 | Depths:1 | Noticed a walking frostbound tome
 23007 | Depths:1 | Noticed a lich
 23007 | Depths:1 | Noticed a fire giant
 23011 | Depths:1 | Noticed a stone giant
 23301 | Depths:1 | Noticed a stone giant
 23308 | D:15     | Killed from afar by a fire giant

Illustrated notes

Levels and vault maps discovered:
D:1:      dpeg_arrival_solitude, layout_basic,
          hellmonk_ecumenical_altar_crossroads, minmay_misc_feat_pillars,
          minmay_distorted
D:2:      layout_basic
D:3:      layout_basic, minmay_stone_trees_small, hangedman_feature_mirror,
          uniq_ijyb, uniq_crazy_yiuf_cottage
D:4:      layout_cave_pools, bloody_makhleb, serial_park, serial_park_square1
          [serial_park_minivault_5x5_7], serial_park_tiny_2,
          serial_park_tiny_pond, serial_park_square3
          [serial_park_minivault_5x5_6], serial_park_tiny_1,
          minmay_misc_feat_alley, grunt_ministairs_10
D:5:      layout_basic, mainiacjoe_overflow_24_doors, temple_hall,
          uniq_blork_the_orc
D:6:      layout_rooms, gammafunk_temple_overflow_pools, nicolae_stop_n_shop_2,
          guppyfry_shop_venom, uniq_sigmund, uniq_eustachio, uniq_pikel,
          uniq_edmund
D:7:      layout_basic, mainiacjoe_overflow_divided_tiny
D:8:      layout_basic, mainiacjoe_overflow_alcove_4, mainiacjoe_overflow_paths,
          hex_large, roderic_serpentine_path, kennysheep_crisscross,
          chequers_decorated_corner
D:9:      layout_rooms, nicolae_overflow_crystal_walls,
          mainiacjoe_overflow_tiny_flanked, serial_corexii_hall,
          chequers_hall_statues_y, chequers_hall_statues_y,
          corexii_hall_statues_t, corexii_hall_statues_t,
          corexii_hall_statues_u, corexii_hall_statues_l
D:10:     layout_basic, serial_shops, nicolae_shop_bloodbath_and_beyond,
          lemuel_flame_loot_1
D:11:     layout_long_grid, erik_lair_orcish_takeover, uniq_urug
D:12:     layout_cave_pools, david_orc_4, gammafunk_ghost_grave,
          nicolae_shop_vocational
D:13:     layout_loops_cross
D:14:     kennysheep_demon_hangout, layout_basic, erik_vaults_2,
          minmay_misc_feat_iff, uniq_rupert
D:15:     grunt_enter_depths_giant_problem, layout_basic, lemuel_old_faithful,
          uniq_kirke, uniq_agnes
Temple:   nicolae_temple_ecumenical_triangle
Lair:1:   layout_gridlike, nicolae_lair_lakeside_cave
Orc:1:    layout_caves, lemuel_statue_altar, uniq_jorgrun, uniq_snorg
Depths:1: layout_roguey, enter_ziggurat_d, serial_shops,
          nicolae_shop_advertising_works [nicolae_subvault_shop_adworks],
          hangedman_coc_ice_floe, serial_bayou_pond_b, nrook_mini_vaults,
          nicolae_diode_stairs

Skill      XL: |  1  2  3  4  5  6  7  8  9 10 11 12 13 14 |
---------------+-------------------------------------------+-----
Axes           | 3 4 5 7 8 10 12 14 15 17 18 | 18.2
Dodging        | 2 3 4 5 6 |  6.5
Armour         | 2 3 4 5 6 7 8 9 |  9.8
Fighting       | 4 5 6 7 9 10 11 12 | 12.3
Stealth        | 1 2 |  2.5
Unarmed Combat | |  0.1

Action                   |  1- 3 |  4- 6 |  7- 9 | 10-12 | 13-15 || total
-------------------------+-------+-------+-------+-------+-------++-------
Melee: Hand axe          |   110 |    18 |       |       |       ||   128
       Executioner's axe |       |   145 |   138 |   410 |   354 ||  1047
       Unarmed           |       |     8 |       |       |       ||     8
Invok: Berserk           |       |     3 |     6 |    11 |    10 ||    30
       Trog's Hand       |       |       |     1 |       |       ||     1
       Brothers in Arms  |       |       |       |     1 |     5 ||     6
Evoke: Phantom mirror    |       |       |       |       |     1 ||     1
  Use: Scroll            |     3 |     9 |     4 |    18 |     4 ||    38
       Potion            |       |       |       |     4 |     1 ||     5
Armor: Animal skin       |    22 |       |       |       |       ||    22
       Ring mail         |    17 |     4 |       |       |       ||    21
       Scale mail        |       |    70 |    66 |   310 |   268 ||   714
Dodge: Dodged            |   101 |   100 |    94 |   433 |   371 ||  1099

Table legend: (Time is in decaauts)
 A = Elapsed time spent in this place.
 B = Non-inter-level travel time spent in this place.
 C = Inter-level travel time spent in this place.
 D = Time resting spent in this place.
 E = Time spent auto-exploring this place.
 F = Levels seen in this place.
 G = Mean time per level.
                   A        B        C        D        E       F      G
               +--------+--------+--------+--------+--------+-----+--------+
         Total |  23882 |  21859 |   2023 |   6545 |   2825 |  19 | 1256.9 |
       Dungeon |  20301 |  18464 |   1837 |   5407 |   2393 |  15 | 1353.4 |
        Temple |     11 |     11 |      0 |      0 |      0 |   1 |   11.0 |
          Lair |   2531 |   2425 |    106 |    904 |    317 |   1 | 2531.0 |
  Orcish Mines |    974 |    894 |     80 |    234 |    115 |   1 |  974.0 |
        Depths |     62 |     62 |      0 |      0 |      0 |   1 |   62.0 |
               +--------+--------+--------+--------+--------+-----+--------+

Top non-repeatable levels by time:
    D:15: 4638 daAuts
    D:14: 2531 daAuts
  Lair:1: 2531 daAuts
    D:12: 1403 daAuts
     D:1: 1198 daAuts
     D:8: 1170 daAuts
     D:9: 1120 daAuts
    D:10: 1092 daAuts
    D:13: 1034 daAuts
    D:11: 1025 daAuts
     D:5: 997 daAuts
   Orc:1: 974 daAuts
     D:3: 917 daAuts
     D:7: 865 daAuts
     D:4: 823 daAuts
